Cogmind - Beta 13 @@@ ROGUE MODE // 2024.02.27 @ 09:41:41 Player: Phaethon Result: Destroyed self with Rocket Launcher Performance ------------- Evolutions (0) 0 Regions Visited (4) 800 Robots Destroyed (23) 115 Value Destroyed (529) 529 Prototype IDs (0) 0 Alien Tech Used (0) 0 Bonus (6) 6 TOTAL SCORE: 1450 Bonus ------- Follower Combat Kills 21 Friendly Fire -15 Cogmind --------- Core Integrity 0/250 Matter 224/300 Energy 132/150 System Corruption 0% Temperature Cool (0) Movement Treading (250) Ox1 Location -7/Recycling Parts ------- > --- POWER (1) -------- Light Angular Momentum Engine > --- PROPULSION (2) --- Improved Treads Spiked Treads > --- UTILITY (2) ------ Large Storage Unit Medium Armor Plating > --- WEAPON (2) ------- Subdweller Laser Rocket Launcher > --- INVENTORY (15) --- Scrap Engine Improved Heat Sink Large Storage Unit Signal Interpreter Scrap Shield Subdweller Beam Cannon Battle Rifle Grenade Launcher Piercing Trap Scrap Shield Fragment (49) Scrap Shield Fragment (49) Peak State ------------ > --- POWER ------------ Light Angular Momentum Engine > --- PROPULSION ------- Improved Treads Spiked Treads > --- UTILITY ---------- Improved Heat Sink Large Storage Unit > --- WEAPON ----------- Subdweller Laser Rocket Launcher > --- INVENTORY -------- Scrap Engine Large Storage Unit Signal Interpreter Medium Armor Plating Scrap Shield Subdweller Beam Cannon Battle Rifle Grenade Launcher Piercing Trap Scrap Shield Fragment Scrap Shield Fragment [Rating: 20] Favorites ----------- Power Ion Engine Engine Ion Engine Propulsion Light Treads Treads Light Treads Wheel Subdweller Monowheel Utility Large Storage Unit Device Improved Heat Sink Storage Large Storage Unit Protection Medium Armor Plating Weapon Battle Rifle Energy Gun Medium Laser Energy Cannon Subdweller Beam Cannon Ballistic Gun Battle Rifle Launcher Rocket Launcher Special Weapon Mining Laser Build | -11 -10 -10 -10 -7 ------- Run | Yrd Mat Min Sub Rec Slots Evolved . | . . . . . Power . | . . . . . Propulsion . | . . . . . Utility . | . . . . . Weapon . | . . . . . Parts Attached 50 | 8 2 3 36 1 Power 8 | 1 . . 7 . Engine 8 | 1 . . 7 . Core . | . . . . . Reactor . | . . . . . Propulsion 9 | 2 . . 7 . Treads 6 | 2 . . 4 . Leg . | . . . . . Wheel 3 | . . . 3 . Hover . | . . . . . Flight . | . . . . . Utility 11 | 2 2 . 6 1 Device 7 | 1 . . 6 . Storage 2 | 1 1 . . . Processor . | . . . . . Hackware . | . . . . . Protection 2 | . 1 . . 1 Artifact . | . . . . . Weapon 22 | 3 . 3 16 . Energy Gun 9 | 3 . 1 5 . Energy Cannon 2 | . . . 2 . Ballistic Gun 5 | . . . 5 . Ballistic Cannon . | . . . . . Launcher 5 | . . 1 4 . Special Weapon 1 | . . 1 . . Impact Weapon . | . . . . . Slashing Weapon . | . . . . . Piercing Weapon . | . . . . . Special Melee Weapon . | . . . . . Unidentified Prototypes . | . . . . . Parts Lost 6 | . . . 6 . Power 2 | . . . 2 . Propulsion 2 | . . . 2 . Utility . | . . . . . Weapon 2 | . . . 2 . Highest Loss Streak 5 | . . . 5 . To Critical Strikes . | . . . . . Average Slot Usage (%) 99 | . 100 100 99 100 Engine 13 | . 14 14 13 14 Treads 25 | . 28 28 24 28 Wheel 2 | . . . 3 . Device 8 | . . . 13 2 Storage 14 | . 14 14 14 14 Protection 5 | . 13 14 . 11 Energy Gun 16 | . 28 26 10 14 Energy Cannon 2 | . . . 4 . Ballistic Gun 6 | . . . 10 . Launcher 1 | . . . 1 14 Naked Turns . | . . . . . Heaviest Build 44 | 14 35 38 42 44 Greatest Support 43 | 40 40 40 43 43 Greatest Overweight (x) 1 | . . . 1 1 Average Overweight (x) . | . . . . . Largest Inventory Capacity 15 | 8 15 15 15 15 Average Capacity 14 | 7 12 15 15 15 Most Carried 15 | 2 10 11 15 13 Average Carried 12 | 1 8 10 14 12 Final Capacity 15 | 8 15 15 15 15 Final Carried 13 | 2 10 11 11 13 Class Distribution -------------------- 61% | Subdweller-Mutant 38% | Mutant Dominant Class ---------------- Mutant | -10/Materials Mutant | -10/Mines Subdweller-Mutant | -10/Subcaves Subdweller-Mutant | -7/Recycling Resources | -11 -10 -10 -10 -7 ----------- Run | Yrd Mat Min Sub Rec Matter Collected 781 | 269 31 . 481 . Remotely . | . . . . . Salvage Created 580 | 74 59 24 353 70 Parts 36 | 6 6 2 19 3 Haulers Intercepted . | . . . . . Recyclers Shooed . | . . . . . Parts Field Recycled . | . . . . . Retrieved Matter . | . . . . . Parts Self-Destructed 18 | . . . 18 . Prevented . | . . . . . Kills | -11 -10 -10 -10 -7 ------- Run | Yrd Mat Min Sub Rec Combat Hostiles Destroyed 17 | . 1 3 13 . Guns 9 | . 1 1 7 . Cannons 2 | . . . 2 . AOE 4 | . . 2 2 . Classes Destroyed 7 | 2 2 1 2 . Tunneler 1 | 1 . . . . Recycler 2 | 1 . . . 1 Turret 2 | . . . 2 . Watcher 1 | . 1 . . . Swarmer 8 | . . 3 5 . Grunt 1 | . 1 . . . Subdweller 8 | . . . 8 . Best Kill Streak 5 | 1 1 3 5 1 Combat Bots Only 4 | . 1 3 4 . Max Kills in Single Turn 2 | 1 1 2 2 1 Gunslinging . | . . . . . Exploded 2 | . . 2 1 . Melee . | . . . . . Uniques/NPCs Destroyed . | . . . . . Combat | -11 -10 -10 -10 -7 -------- Run | Yrd Mat Min Sub Rec Hostile Shots Fired 127 | . 3 8 116 . Missed 46 | . . 2 44 . Damage Taken 1366 | . 33 45 1264 24 Core 258 | . . . 246 12 Absorbed by Shields . | . . . . . Core Remaining (%) 100 | 100 . . . . Volleys Fired 80 | 3 7 5 64 1 Largest 2 | 2 2 2 2 2 Hottest 150 | 90 90 150 140 93 Shots Fired 134 | 6 14 10 102 2 Gun 92 | 6 14 5 66 1 Cannon 30 | . . . 30 . Launcher 9 | . . 2 6 1 Special 3 | . . 3 . . Kinetic 28 | . . . 28 . Thermal 96 | 5 14 8 68 1 Explosive 9 | . . 2 6 1 Electromagnetic 1 | 1 . . . . Robot Hit Streak 10 | 4 6 2 10 5 Robot Miss Streak 6 | . 5 6 3 . Penetration Max . | . . . . . Secondary Targets . | . . . . . Shots Hit Robots 68 | 4 8 2 53 1 Core Hits 34 | 2 4 3 24 1 Critical Kills 2 | . . . 2 . Critical Parts Destroyed 1 | . . . 1 . Critical Strikes 3 | . . . 3 . Meltdown 2 | . . . 2 . Destroy 1 | . . . 1 . Melee Attacks . | . . . . . Impact . | . . . . . Slashing . | . . . . . Piercing . | . . . . . Sneak Attacks . | . . . . . Combat Hostiles . | . . . . . Follow-up Attacks . | . . . . . Damage Inflicted 1624 | 51 107 187 1261 18 Guns 874 | 51 107 25 673 18 Cannons 348 | . . . 348 . Explosions 402 | . . 162 240 . Melee . | . . . . . Ramming . | . . . . . Kinetic 308 | . . . 308 . Thermal 899 | 36 107 25 713 18 Explosive 402 | . . 162 240 . Electromagnetic 15 | 15 . . . . Impact . | . . . . . Slashing . | . . . . . Piercing . | . . . . . Highest Corruption . | . . . . . Average Corruption . | . . . . . Corruption Purged . | . . . . . Corruption Blocked . | . . . . . Overload Shots . | . . . . . Overflow Damage 3 | . . 3 . . Projectiles . | . . . . . Explosions 3 | . . 3 . . Melee . | . . . . . Knockbacks . | . . . . . Impact . | . . . . . Kinetic . | . . . . . Secondary . | . . . . . Self-Inflicted Damage 38 | . . . . 38 Shots 1 | . . . . 1 Rammed . | . . . . . Targets Rammed . | . . . . . Kicked . | . . . . . Crushed . | . . . . . Highest Temperature 303 | 30 117 195 303 . Average Temperature 71 | 17 49 89 93 . Received Heat Transfer 671 | . 18 . 653 . Siege Activations . | . . . . . Robots Corrupted . | . . . . . Combat Hostiles . | . . . . . Parts Fried . | . . . . . Impact Corruptions . | . . . . . Robots Melted 2 | . . . 2 . Combat Hostiles 2 | . . . 2 . Parts Melted 6 | . 1 1 4 . Heat Transferred 1377 | 99 273 74 906 25 Parts Sabotaged . | . . . . . Parts Stolen . | . . . . . Parts Stripped . | . . . . . Power Chain Reactions . | . . . . . Alert | -11 -10 -10 -10 -7 ------- Run | Yrd Mat Min Sub Rec Peak Influence 340 | 10 77 81 . 340 Initial 340 | . 6 4 . 340 Average 61 | 4 28 79 . 340 Maximum Alert Level 1 | . . . . 1 Low Security (%) 93 | 100 100 100 . . Level 1 6 | . . . . 100 Level 2 . | . . . . . Level 3 . | . . . . . Level 4 . | . . . . . Level 5 . | . . . . . High Security . | . . . . . Max Security . | . . . . . Squads Dispatched 1 | . 1 . . . Investigation . | . . . . . Extermination . | . . . . . Reinforcement 1 | . 1 . . . Assault . | . . . . . Garrison . | . . . . . Intercept . | . . . . . Searches Triggered . | . . . . . Construction Impeded . | . . . . . Haulers Reinforced . | . . . . . Active Scanning Responses . | . . . . . Cargo Convoy Interrupts . | . . . . . Stealth | -11 -10 -10 -10 -7 --------- Run | Yrd Mat Min Sub Rec Distress Signals . | . . . . . Communications Jammed . | . . . . . Distress Signals . | . . . . . Times Spotted 65 | . 5 3 57 . Peak Tracking Total 6 | . 1 3 6 . Tactical Retreats 2 | . . . 2 . Traps | -11 -10 -10 -10 -7 ------- Run | Yrd Mat Min Sub Rec Traps Triggered . | . . . . . Indirectly . | . . . . . Trap Hack Attempts . | . . . . . Triggered . | . . . . . Disarmed . | . . . . . Reprogrammed . | . . . . . Reused . | . . . . . Traps Extracted . | . . . . . Installed . | . . . . . Triggered . | . . . . . Most Traps Carried 1 | . . . 1 1 Machines | -11 -10 -10 -10 -7 ---------- Run | Yrd Mat Min Sub Rec Machines Disabled 3 | . . . 3 . Max in Single Turn 2 | . . . 2 . Machines Repaired . | . . . . . Machines Dismantled . | . . . . . Machines Sabotaged . | . . . . . Overloaded Fab Kills . | . . . . . Hacking | -11 -10 -10 -10 -7 --------- Run | Yrd Mat Min Sub Rec Machines Accessed 4 | . 3 . 1 . Terminals 3 | . 3 . . . Fabricators . | . . . . . Repair Stations . | . . . . . Recycling Units . | . . . . . Scanalyzers . | . . . . . Garrison Access . | . . . . . Total Hacks 10 | . 8 . 2 . Successful 5 | . 3 . 2 . Failed 5 | . 5 . . . Catastrophic 1 | . 1 . . . Database Lockouts . | . . . . . Manual 2 | . 2 . . . Terminals 8 | . 8 . . . Fabricators . | . . . . . Repair Stations . | . . . . . Recycling Units . | . . . . . Scanalyzers . | . . . . . Garrison Access . | . . . . . Terminal Hacks 4 | . 2 . 2 . Record 2 | . . . 2 . Branch Access Points 1 | . 1 . . . Locate Traps 1 | . 1 . . . Fabricator Hacks . | . . . . . Repair Station Hacks . | . . . . . Recycling Unit Hacks . | . . . . . Scanalyzer . | . . . . . Garrison Access Hacks . | . . . . . Unauthorized Hacks 1 | . 1 . . . Terminals 1 | . 1 . . . Botnet 1 | . 1 . . . Fabricators . | . . . . . Repair Stations . | . . . . . Recycling Units . | . . . . . Scanalyzers . | . . . . . Garrison Access . | . . . . . Data Cores Recovered . | . . . . . Used . | . . . . . Hacking Detections 3 | . 3 . . . Full Trace Events . | . . . . . Feedback Events . | . . . . . Feedback Blocked . | . . . . . Robot Schematics Acquired . | . . . . . Robots Built . | . . . . . Authchips . | . . . . . Time . | . . . . . Total Robot Build Rating . | . . . . . Part Schematics Acquired . | . . . . . Parts Built . | . . . . . Authchips . | . . . . . Time . | . . . . . Total Part Build Rating . | . . . . . Parts Repaired . | . . . . . Time . | . . . . . Parts Recycled . | . . . . . Recycled Matter . | . . . . . Retrieved Matter . | . . . . . Retrieved Components . | . . . . . Parts Scanalyzed . | . . . . . Part Schematics Acquired . | . . . . . Parts Damaged . | . . . . . Bothacking | -11 -10 -10 -10 -7 ------------ Run | Yrd Mat Min Sub Rec Used RIF Installer . | . . . . . Robots Hacked . | . . . . . Non-combat . | . . . . . Combat . | . . . . . Robot Hacks Applied . | . . . . . Relay Couplers Released . | . . . . . Fabnet Peak Effective % . | . . . . . Robots Rewired . | . . . . . Allies Hacked . | . . . . . Hacks Repelled . | . . . . . Allies | -11 -10 -10 -10 -7 -------- Run | Yrd Mat Min Sub Rec Total Allies 1 | . . 1 . . Largest Group 1 | . . 1 1 . Highest-Rated Group 31 | . . 31 31 . Highest-Rated Ally 31 | . . 31 31 . Total Orders . | . . . . . Ally Attacks 9 | . . . 9 . Total Damage 147 | . . . 147 . Kills 3 | . . . 3 . Allies Corrupted . | . . . . . Allies Melted . | . . . . . Intel | -11 -10 -10 -10 -7 ------- Run | Yrd Mat Min Sub Rec Robot Analysis Total . | . . . . . Derelict Logs Recovered 3 | . . 2 1 . Drone Launches . | . . . . . Drone Recoveries . | . . . . . Exploration | -11 -10 -10 -10 -7 ------------- Run | Yrd Mat Min Sub Rec Turns Passed 2466 | 79 549 282 1495 61 Spaces Moved 1356 | 40 312 146 834 24 Core 6 | 6 . . . . Treads 1108 | 34 312 146 592 24 Legs . | . . . . . Wheels 242 | . . . 242 . Hover . | . . . . . Flight . | . . . . . Fastest Speed 50 | 50 160 160 120 160 Average Speed 154 | 143 160 160 148 242 Slowest Speed 250 | 160 160 160 240 250 Overloaded Moves . | . . . . . Propulsion Burnouts . | . . . . . Robots Hopped . | . . . . . Cave-ins Triggered . | . . . . . Exploration Rate (%) 32 | 4 43 47 57 13 Regions Visited 4 Branch Regions 3 Pre-discovered Areas 1 | . . . 1 . Known Exits Taken 2 | . 1 1 . . Unknown Exits Taken 2 | 1 . . 1 . Scrap Searched 5 | . . . 5 . Spaces Dug . | . . . . . Terrain Destroyed 53 | . . 25 26 2 Melee . | . . . . . Projectile 2 | . . . 2 . AOE 51 | . . 25 24 2 Terrain Rammed . | . . . . . Walls Destroyed . | . . . . . Machines Disabled . | . . . . . Actions | -11 -10 -10 -10 -7 --------- Run | Yrd Mat Min Sub Rec Total 1598 | 53 348 177 993 27 Wait 57 | . 17 23 17 . Move 1352 | 39 311 145 833 24 Hop . | . . . . . Pick Up 29 | 2 9 1 16 1 Fast Attach 16 | 7 . . 9 . Attach 9 | 1 . . 8 . Detach 2 | 1 . . 1 . Swap 25 | . 2 3 19 1 Drop 28 | . 2 . 26 . Fire 80 | 3 7 5 64 1 Melee . | . . . . . Ram . | . . . . . Kick . | . . . . . Crush . | . . . . . Escape Stasis . | . . . . . Rewire . | . . . . . Trap . | . . . . . Miscellaneous . | . . . . . Route ------- -11/Scrapyard -10/Materials (discovered 2 exits: [*Mat] / *Min) -10/Mines -10/Subcaves (discovered 3 exits: [*Mat x2] / [*Rec]) -7/Recycling History --------- Turn | Location | Event 14 | -11/Scrapyard | Discovered new exit (range 15) 80 | -11/Scrapyard | Entered Materials 302 | -10/Materials | Build established: Mutant 344 | -10/Materials | Discovered new exit (range 16) 459 | -10/Materials | Discovered new exit (range 7) 486 | -10/Materials | Identified exit to Mines 629 | -10/Materials | Entered Mines 653 | -10/Mines | Met a Derelict bent on vengeance 664 | -10/Mines | Identified exit to Subcaves 686 | -10/Mines | Received a Mining Laser from a helpful Derelict 911 | -10/Mines | Entered Subcaves 911 | -10/Subcaves | Accompanied by 1 ally 953 | -10/Subcaves | Discovered new exit (range 12) 1110 | -10/Subcaves | Ambushed by swarm of Subdwellers 1152 | -10/Subcaves | Lost 3 allies 1238 | -10/Subcaves | Disturbed a concealed Subdweller 1241 | -10/Subcaves | Build established: Subdweller-Mutant 1341 | -10/Subcaves | Ambushed by Subdwellers from Twisted Machinery 1555 | -10/Subcaves | Shifting Twisted Machinery released Battle Rifle 1631 | -10/Subcaves | Visited Clippyterm 1767 | -10/Subcaves | Discovered new exit (range 5) 2225 | -10/Subcaves | Discovered new exit (range 16) 2278 | -10/Subcaves | Core integrity fell below 50% 2289 | -10/Subcaves | Core integrity fell below 20% 2329 | -10/Subcaves | Lost 5 parts (2p2n1w) 2406 | -10/Subcaves | Entered Recycling 2410 | -7/Recycling | Found Scrap Engine 2467 | -7/Recycling | Destroyed self with Rocket Launcher Last Messages --------------- 02277_ Lgt. Treads destroyed. 02277_ Battle Rifle destroyed. 02279_ Imp. Treads destroyed. 02294_ Imp. Ion Engine destroyed. 02298_ Ion Engine destroyed. 02304_ Sub. Optics melted. 02304_ 53-BD1(R) destroyed. 02304_ A9-KF1(R) destroyed. 02324_ Acquired 36 matter. 02325_ Acquired 30 matter. 02328_ Acquired Sub. Beam Cannon. 02333_ Acquired Scrap Shield Fragment. 02358_ Sub. Power Source shoots sparks and powers down. 02359_ Dropped Broken Sub. Power Source. 02393_ Acquired 2 matter. A mysterious object appears at your location! LOCATION=UNKNOWN GOAL=ESCAPE 02410_ Acquired Scrap Engine. 02467_ R-06 Scavenger destroyed. Map ----- +----------------------------------------------------+ | ?????????????????????????????????????????? | | ?????????????????????????????????????????? | | ?????????????????????????????????????????? | | ?????????????????????????????????????????? | | ?????????????????????????????????????????? | | ?????????????????????????????????????????? | | ??##?????????????????????????????????????? | | ??# !??#####?????????????????????????????? | | ??# *??# #?????????????????????????????? | | ??# ?# ###???????????????????????????? | | ?## ?# %%#???????????????????????????? | | ?# # #???????????????????????????? | | ??# # % #???????????????????????????? | | ??# + ###???????????????????????????? | | ??# =# #?????????????????????????????? | | ??# # #?###########?????????????????? | | ??# ?# #?# / #?????????????????? | | ??# ?# #?# #?????????????????? | | ?? ??# #? #?????????????????? | | ?## ??# #?# #?????????????????? | | ??##???# #?# #?????????????????? | | ???????# #?# =??????????????????? | | ?????### #?# [ ????????????????????? | | ?????#"" #?? ??????????????????????? | | ?????#"Y #####+#########???????????????? | | ?????#"" @ ????????? | | ?????### %! r ????????? | | ???????# ????????? | | ???????##"Y"#### ?????????? | | ????????#"""#??### ?????????? | | ????????#####????? ??????????? | | ?????????????????? ??????????? | | ?????????????????? ??????????? | | ?????????????????? ###"Y"###???????????? | | ?????????????????? #??"""#?????????????? | | ?????????????????? #???????????????????? | | ?????????????????? #???????????????????? | | ??????????????????? #???????????????????? | | ??????????????????? +???????????????????? | | ??????????????????? #???????????????????? | | ??????????????????? ?????????????????????? | | ?????????????????????????????????????????? | | ?????????????????????????????????????????? | | ?????????????????????????????????????????? | | ?????????????????????????????????????????? | | ?????????????????????????????????????????? | | ?????????????????????????????????????????? | | ?????????????????????????????????????????? | | ?????????????????????????????????????????? | | ?????????????????????????????????????????? | +----------------------------------------------------+ Best States ------------- Heat Dissipation 39 Coolant Potential 50 Energy Generation 18 Energy Capacity 265 Matter Stores 300 Matter Capacity 300 Sight Range 21 Terrain Scan Density 10 Armor Coverage 225 Evasion (%) 40 Recoil Reduction 2 Item Schematics ----------------- None Robot Schematics ------------------ None Fabricated ------------ Nothing Alien Tech Used ----------------- None Achievements -------------- None Challenges ------------ None Game ------ Seed AluminumSlugTube Manual? 0 Play Time 00:49:27 Cumulative 219.1 hours Start 2024.02.26 @ 19:02:31 End 2024.02.27 @ 09:41:41 Sessions 5 Manual Loads 0 Difficulty Rogue Special Mode None Game No. 56 Rogue 56 Adventurer 0 Explorer 0 Win Type - Total 10 Types 7/2/0/0/0/0/1/0/0 Lore% 76 Gallery% 74 Achievement% 71 Wizard Run 0 Options --------- Layout 0 ASCII 0 Keyboard 1 Movement Vi Keybinds 0 Fullscreen 2 Font 18/SmallcapsGlow Map View 66x52 Zoom Use 0% Tactical HUD 1 Map Filters NONE Filters NONE Steam 1 RUN: 603e11e2-68b8-49fc-8c12-0b0e350d8ea8